 Dungeon Sprint DCSS version 0.30-a0-50-gb2d611f6b1 (webtiles) character file.

Game seed: 9951903055911601407

6166 rocky1 the Warrior (level 10, -5/126 HPs)
             Began as an Ogre Gladiator on Sept 5, 2022.
             Was a High Priest of Okawaru.
             Killed from afar by a deep elf zephyrmancer (22 damage)
             ... with a bolt of lightning
             ... in the Dungeon (Sprint VII: "The Pits").
             The game lasted 00:13:32 (3800 turns).

rocky1 the Warrior (Ogre Gladiator)                 Turns: 3800, Time: 00:13:33

Health: -5/126     AC:  4    Str: 24    XL:     10   Next: 90%
Magic:  12/15      EV: 14    Int:  9    God:    Okawaru [*****.]
Gold:   0          SH: 12    Dex: 10    Spells: 9/9 levels left

rFire   . . .      SeeInvis .    s - +2 morningstar (vorpal)
rCold   . . .      Faith    .    o - +0 kite shield
rNeg    . . .      Spirit   .    b - +0 robe
rPois   .          Reflect  .    c - +0 hat
rElec   .          Harm     .    t - +0 cloak
rCorr   .          Rampage  .    (gloves unavailable)
Will    +....      NoTele   +    (boots unavailable)
Stlth   +++.......               (no amulet)
HPRegen 0.31/turn                (no ring)
MPRegen 0.14/turn                (no ring)

@: heroic, finesse-ful
A: large, unfitting armour, tough skin 1
a: Renounce Religion, Heroism, Finesse


You were in the Dungeon.
You worshipped Okawaru.
Okawaru was extremely pleased with you.
You visited 1 branch

Inventory:

Hand Weapons
 a - a +0 flail
 n - a +0 vorpal flail
 s - a +2 vorpal morningstar (weapon)
Missiles
 d - a curare-tipped dart (quivered)
 e - a large rock
 h - 7 poisoned darts
 k - 2 javelins
Armour
 b - a +0 robe (worn)
 c - a +0 hat (worn)
 o - a +0 kite shield (worn)
 t - a +0 cloak (worn)
Jewellery
 j - a +3 ring of strength
 l - a +3 ring of dexterity
Scrolls
 m - 5 scrolls of amnesia
Potions
 f - 2 potions of curing
 g - 2 potions of heal wounds
 i - 4 potions of magic
 p - 2 potions of brilliance
 r - 3 potions of berserk rage


   Skills:
 + Level 15.4(20.4) Fighting
 + Level 13.2(18.2) Maces & Flails
 + Level 5.9(10.9) Throwing
 - Level 10.5(15.5) Dodging
 - Level 2.6(7.6) Stealth
 + Level 10.8(15.8) Shields
 - Level 7.7 Invocations


You had 9 spell levels left.
You didn't know any spells.
Your spell library was empty.

Dungeon Overview and Level Annotations

Branches:
Dungeon (1/1)

Altars:
Ashenzari
Cheibriados
Dithmenos
Elyvilon
Fedhas
Gozag
Hepliaklqana
Kikubaaqudgha
Makhleb
Nemelex Xobeh
Okawaru
Qazlal
Ru
Sif Muna
Trog
Uskayaw
Vehumet
Wu Jian
Xom
Yredelemnul
Zin
The Shining One
Jiyva
Lugonu


Innate Abilities, Weirdness & Mutations

You are too large for most types of armour.
You have tough skin. (AC +1)


Message History

Your base Maces & Flails skill increases to level 13!
The deep elf zephyrmancer gestures at you while chanting.
The bolt of lightning hits the orc!
The orc dies!
The bolt of lightning hits you!!!
* * * LOW HITPOINT WARNING * * *
You feel much better.
There is an open door here.
You see here a vampire mosquito corpse.
Okay, then.
An orc warrior comes into view. It is wielding a +2 vorpal halberd.
The orc warrior shouts!
You puncture the freezing wraith!
The freezing wraith is heavily damaged.
You hear a shout! x2
You hit the freezing wraith but do no damage.
The freezing wraith is heavily damaged.
The freezing wraith misses you. You block the freezing wraith's attack.
You sock the freezing wraith!
The freezing wraith is almost destroyed.
You hit the freezing wraith but do no damage.
The freezing wraith is almost destroyed.
You block the freezing wraith's attack. x2
You puncture the freezing wraith!
You destroy the freezing wraith!
Okawaru accepts your kill.
Unknown command.
Throw: 2 darts (curare)
Press: ? - help, Q - select action, (/) - cycle Shift-Dir - straight line, f - deep elf zephyrmancer
Aim: a deep elf zephyrmancer, wielding a +0 short sword and wearing a +0 scale mail (66% to hit)
You throw a curare-tipped dart.
The curare-tipped dart hits the deep elf zephyrmancer.
The deep elf zephyrmancer is poisoned.
The deep elf zephyrmancer convulses.
The deep elf zephyrmancer seems to slow down.
The deep elf zephyrmancer is lightly wounded.
The orc warrior hits you from afar with a +2 vorpal halberd!!
* * * LOW HITPOINT WARNING * * *
x2 The deep elf zephyrmancer gestures at you while chanting.
The bolt of lightning hits you!!
You die...

###...<...##.)#####...
.##.......##..÷...#...
.##.......##.[#)..#..
###.......##..#...#)##### .
.###########..#####.'...#..
############........#...'oW#
#....#..[[##......o.#...#o..
#....#..[.###†###...#...# .
'†...'..))##...†@eo)#'###..
#....#..))##....#..........
#....#..).##....#..........
###########################


You could see a deep elf zephyrmancer (very poisoned, slow) and 2 orc warriors.

Vanquished Creatures
  A boulder beetle (D)
  An orc high priest (D)
  2 elephants (D)
  A molten gargoyle (D)
  2 kobold demonologists (D)
  A freezing wraith (D)
  An ice devil (D)
  A hellwing (D)
  A hornet (D)
  6 dream sheep (D)
  3 vampire mosquitoes (D)
  A basilisk (D)
  An orc warrior (D)
  A sky beast (D)
  3 kobold brigands (D)
  A gnoll sergeant (D)
  A necrophage (D)
  5 wights (D)
  A hound (D)
  A quasit (D)
  2 iguanas (D)
  An orc wizard (D)
  5 gnolls (D)
  An adder (D)
  2 river rats (D)
  An ufetubus (D)
  A worm (D)
  3 orcs (D)
  2 endoplasms (D)
  2 giant cockroaches (D)
  3 goblins (D)
  4 jackals (D)
  A quokka (D)
  A giant cockroach simulacrum (D)
  A kobold (D)
65 creatures vanquished.

Vanquished Creatures (others)
  An orc (D)
1 creature vanquished.

Grand Total: 66 creatures vanquished

Notes
Turn   | Place    | Note
-------+----------+-------------------------------------------
     0 | D        | rocky1 the Ogre Gladiator began the quest for the Orb.
     0 | D        | Reached XP level 1. HP: 22/22 MP: 1/1
    19 | D        | Found a bloodstained altar of Trog.
    19 | D        | Found a shimmering blue altar of Sif Muna.
    19 | D        | Found a viscous altar of Jiyva.
    19 | D        | Found a hazy altar of Hepliaklqana.
    19 | D        | Found an opulent altar of Gozag.
    20 | D        | Found a glowing golden altar of the Shining One.
    20 | D        | Found a glowing silver altar of Zin.
    20 | D        | Found a basalt altar of Yredelemnul.
    20 | D        | Found a shimmering altar of Xom.
    20 | D        | Found an ornate altar of the Wu Jian Council.
    20 | D        | Found a sacrificial altar of Ru.
    20 | D        | Found a stormy altar of Qazlal.
    20 | D        | Found an iron altar of Okawaru.
    20 | D        | Found a sparkling altar of Nemelex Xobeh.
    20 | D        | Found a burning altar of Makhleb.
    20 | D        | Found a blossoming altar of Fedhas.
    20 | D        | Found a white marble altar of Elyvilon.
    20 | D        | Found a shadowy altar of Dithmenos.
    20 | D        | Found a snail-covered altar of Cheibriados.
    23 | D        | Found a corrupted altar of Lugonu.
    23 | D        | Found a radiant altar of Vehumet.
    24 | D        | Found an ancient bone altar of Kikubaaqudgha.
    24 | D        | Found a hide-covered altar of Uskayaw.
    24 | D        | Found a broken altar of Ashenzari.
    28 | D        | Became a worshipper of Warmaster Okawaru
    67 | D        | Reached skill level 3 in Fighting
   114 | D        | Noticed an iguana
   123 | D        | Killed an iguana
   124 | D        | Reached XP level 2. HP: 32/32 MP: 2/2
   124 | D        | Reached XP level 3. HP: 39/39 MP: 3/3
   319 | D        | Reached skill level 4 in Fighting
   365 | D        | Noticed a necrophage
   376 | D        | Reached skill level 5 in Maces & Flails
   385 | D        | Killed a necrophage
   385 | D        | Reached * piety under Okawaru
   386 | D        | Reached skill level 5 in Fighting
   386 | D        | Reached skill level 5 in Dodging
   386 | D        | Reached XP level 4. HP: 19/50 MP: 4/4
   594 | D        | Noticed a gnoll sergeant
   604 | D        | Reached XP level 5. HP: 27/57 MP: 2/5
   608 | D        | Noticed a kobold brigand
   623 | D        | Reached skill level 6 in Fighting
   623 | D        | Reached skill level 1 in Stealth
   634 | D        | Killed a kobold brigand
   635 | D        | Reached XP level 6. HP: 65/68 MP: 4/6
   647 | D        | Reached skill level 7 in Fighting
   960 | D        | Reached skill level 1 in Shields
  1062 | D        | Noticed a hellwing
  1077 | D        | Killed a hellwing
  1077 | D        | Reached ** piety under Okawaru
  1078 | D        | Reached skill level 8 in Fighting
  1078 | D        | Reached XP level 7. HP: 15/81 MP: 7/7
  1365 | D        | Reached skill level 9 in Fighting
  1388 | D        | Noticed a boulder beetle
  1388 | D        | Noticed a basilisk
  1404 | D        | Killed a boulder beetle
  1404 | D        | Reached *** piety under Okawaru
  1405 | D        | Reached skill level 10 in Fighting
  1405 | D        | Reached skill level 10 in Maces & Flails
  1405 | D        | Reached XP level 8. HP: 96/96 MP: 6/8
  1409 | D        | Reached skill level 11 in Fighting
  1538 | D        | Noticed an elephant
  1539 | D        | Noticed a hornet
  1569 | D        | Killed an elephant
  1570 | D        | Reached XP level 9. HP: 12/106 MP: 6/11
  1940 | D        | Paralysed by a hornet for 2 turns
  1944 | D        | Killed a hornet
  1944 | D        | Reached **** piety under Okawaru
  1945 | D        | Reached skill level 12 in Fighting
  2167 | D        | Noticed a kobold demonologist
  2168 | D        | Noticed a kobold demonologist
  2216 | D        | Noticed an ice devil
  2216 | D        | Killed a kobold demonologist
  2217 | D        | Reached skill level 5 in Invocations
  2240 | D        | Noticed an orange demon
  2242 | D        | Killed a kobold demonologist
  2243 | D        | Reached skill level 13 in Fighting
  2243 | D        | Reached skill level 10 in Dodging
  2248 | D        | HP: 3/110 [poisoned by a kobold brigand (curare-tipped
                  | dart)]
  2530 | D        | Noticed a molten gargoyle
  2541 | D        | Killed a molten gargoyle
  2719 | D        | Reached XP level 10. HP: 47/114 MP: 14/14
  3392 | D        | Received a gift from Okawaru
  3400 | D        | Reached skill level 14 in Fighting
  3743 | D        | Noticed an elephant
  3761 | D        | Reached skill level 10 in Shields
  3769 | D        | Killed an elephant
  3772 | D        | Reached skill level 15 in Fighting
  3772 | D        | Reached skill level 5 in Throwing
  3779 | D        | Noticed a deep elf zephyrmancer
  3780 | D        | Noticed an orc high priest
  3780 | D        | Noticed a phantasmal warrior
  3784 | D        | Noticed a rust devil
  3784 | D        | Noticed a sixfirhy
  3786 | D        | Killed an orc high priest
  3786 | D        | Reached ***** piety under Okawaru
  3800 | D        | Killed from afar by a deep elf zephyrmancer

Illustrated notes

Levels and vault maps discovered:
D:        pitsprint [storerooms_1, entrance_room_1, metal_vault_8, armoury_2,
          mini_pit_1, grid_room_1, main_hall_1, silver_pit, the_coven_1,
          the_vestibule_1, steel_vault_2, golden_pit, hallway_of_sentries,
          crystal_vault_1, iron_vault_1, final_vault]

Skill      XL: |  1  2  3  4  5  6  7  8  9 10 |
---------------+-------------------------------+-----
Maces & Flails | 4 6 8 9 10 11 12 13 | 13.2
Dodging        | 4 5 6 7 8 9 10 | 10.5
Fighting       | 3 5 6 8 10 11 13 15 | 15.4
Throwing       | 3 5 |  5.9
Stealth        | 2 |  2.6
Shields        | 3 6 7 8 10 | 10.8
Invocations    | 2 6 7 |  7.7

Action                   |  1- 3 |  4- 6 |  7- 9 | 10-12 || total
-------------------------+-------+-------+-------+-------++-------
Melee: Flail             |    47 |    55 |    30 |       ||   132
       Punch             |     2 |     1 |       |       ||     3
       Morningstar       |       |       |    69 |    76 ||   145
Throw: Throwing net      |     3 |       |     1 |       ||     4
       Dart              |       |       |       |     1 ||     1
Invok: Heroism           |       |     1 |     6 |     3 ||    10
       Finesse           |       |       |     1 |     1 ||     2
  Use: Potion            |       |    10 |     9 |     2 ||    21
       Scroll            |       |       |     1 |       ||     1
 Stab: Invisible         |       |     5 |     2 |       ||     7
       Sleeping          |       |       |     1 |       ||     1
Armor: Robe              |    15 |     9 |    13 |     5 ||    42
Dodge: Dodged            |    25 |    23 |    36 |    28 ||   112
Block: Kite shield       |       |     7 |    50 |    29 ||    86

Table legend: (Time is in decaauts)
 A = Elapsed time spent in this place.
 B = Non-inter-level travel time spent in this place.
 C = Inter-level travel time spent in this place.
 D = Time resting spent in this place.
 E = Time spent auto-exploring this place.
 F = Levels seen in this place.
 G = Mean time per level.
                   A        B        C        D        E       F      G
               +--------+--------+--------+--------+--------+-----+--------+
         Total |   3787 |   3744 |     43 |   2836 |      0 |   1 | 3787.0 |
       Dungeon |   3787 |   3744 |     43 |   2836 |      0 |   1 | 3787.0 |
               +--------+--------+--------+--------+--------+-----+--------+

Top non-repeatable levels by time:
       D: 3787 daAuts
